 Dungeon Crawl Stone Soup version 0.24-a0-584-g9d6b971ae4 (webtiles) character file.

Game seed: 5130733713201577861, levelgen mode: deterministic

21812 Mithandil the Schismatic (level 12, 0/91 HPs)
             Began as a Demonspawn Abyssal Knight on Sept 4, 2019.
             Was an Elder of Lugonu.
             Slain by an alligator (8 damage)
             ... led by an alligator
             ... on level 1 of the Swamp.
             The game lasted 01:07:05 (11555 turns).

Mithandil the Schismatic (DsAK)                    Turns: 11555, Time: 01:07:06

Health: 0/91       AC: 23    Str: 30    XL:     12   Next: 57%
Magic:  18/18      EV:  9    Int: 18    God:    Lugonu [****..]
Gold:   712        SH: 12    Dex: 12    Spells: 11/11 levels left

rFire    . . .     SeeInvis .   L - +7 spear of Matsytwe {pain, Str+5}
rCold    . . .     Gourm    .   F - +0 shield
rNeg     . . .     Faith    .   f - +4 plate armour of Restlessness {Int+5}
rPois    +         Spirit   .   (no helmet)
rElec    .         Reflect  .   y - scarf {repulsion}
rCorr    +         Harm     .   O - +2 pair of gloves
MR       +....                  (no boots)
Stlth    ..........             C - amulet of magic regeneration
HPRegen  1.25/turn              l - +4 ring of strength
MPRegen  0.41/turn              H - ring of resist corrosion

@: studying Armour, repel missiles
A: talons 2, icy blue scales 1, magic resistance 1, poison resistance, powered
by death 3, spiny 2, strong 1, MP-powered wands
a: Depart the Abyss, Bend Space, Banish, Corrupt, Renounce Religion


You were on level 1 of the Swamp.
You worshipped Lugonu.
Lugonu was greatly pleased with you.
You were not hungry.

You visited 3 branches of the dungeon, and saw 15 of its levels.
You visited the Abyss 1 time.

You collected 712 gold pieces.

Inventory:

Hand Weapons
 a - the +3 long sword of Cobwebs {freeze, rF+ MR+ Dex+2}
   (You found it on level 5 of the Dungeon)

   It has been specially enchanted to freeze those struck by it, causing extra
   injury to most foes and up to half again as much damage against particularly
   susceptible opponents.
   It can also slow down cold-blooded creatures.
   It affects your dexterity (+2).
   It protects you from fire.
   It affects your resistance to hostile enchantments.
 b - the +6 hand axe "Cocu" {speed, rElec rC+}
   (You found it on level 4 of the Dungeon)

   Attacks with this weapon are significantly faster.
   It protects you from cold.
   It insulates you from electricity.
 n - a +0 trident of venom
 o - a +0 war axe of flaming
 q - a +3 spear of piercing
 w - a +2 long sword of slicing
 K - a +2 spear of chaos
 L - the +7 spear of Matsytwe (weapon) {pain, Str+5}
   (You took it off a gnoll sergeant on level 5 of the Dungeon)

   In the hands of one skilled in necromantic magic, it inflicts extra damage on
   living creatures.
   It affects your strength (+5).
 T - a +1 hand axe of freezing
 V - a +2 spear of flaming
Missiles
 j - 17 boomerangs (quivered)
 v - 36 poisoned darts
 P - 13 atropa-tipped darts
 Y - 2 boomerangs of dispersal
Armour
 f - the +4 plate armour of Restlessness (worn) {Int+5}
   (You found it on level 1 of the Lair of Beasts)

   It affects your intelligence (+5).
 y - a scarf of repulsion (worn)
 A - +1 steam dragon scales
 E - the +2 robe of the Devil {rF++ rC+}
   (You found it on level 5 of the Dungeon)

   It greatly protects you from fire.
   It protects you from cold.
 F - a +0 shield (worn)
 O - a +2 pair of gloves (worn)
 R - a +2 pair of boots
Jewellery
 g - an uncursed ring of flight
 k - an uncursed ring of ice
 l - a +4 ring of strength (left hand)
 u - an uncursed ring of see invisible
 z - a +4 ring of evasion
 C - an amulet of magic regeneration (around neck)
 H - a ring of resist corrosion (right hand)
Wands
 h - a wand of acid (20)
 x - a wand of flame (20)
 G - a wand of polymorph (10)
 N - a wand of scattershot (4)
 S - a wand of iceblast (11)
Scrolls
 d - 7 scrolls of teleportation
 e - 3 scrolls of identify
 i - a scroll of fog
 t - a scroll of fear
 D - 3 scrolls of magic mapping
 M - 4 scrolls of remove curse
 W - 4 scrolls of blinking
Potions
 m - 2 potions of brilliance
 r - 2 potions of agility
 s - a potion of cancellation
 B - a potion of resistance
 J - 4 potions of curing
 Q - a potion of flight
 X - a potion of heal wounds
Books
 p - a manual of Armour
Comestibles
 c - 20 rations


   Skills:
 + Level 7.3 Fighting
 * Level 8.2 Long Blades
 * Level 8.2(8.4) Axes
 * Level 2.3(5.7) Polearms
 + Level 8.1 Armour
 + Level 6.0 Dodging
 + Level 6.4 Stealth
 * Level 7.2 Shields
 - Level 3.0 Unarmed Combat
 + Level 9.1 Invocations


You had 11 spell levels left.
You didn't know any spells.
Your spell library contained the following spells:

 Spells                   Type           Power        Failure   Level  Hunger
 Animate Skeleton         Necr           N/A          99%         1    ##.....
 Apportation              Tloc           #.....       99%         1    ##.....
 Confusing Touch          Hex            #.....       99%         1    ##.....
 Summon Butterflies       Summ           #.......     99%         1    ##.....
 Summon Small Mammal      Summ           #...         99%         1    ##.....
 Lesser Beckoning         Tloc           #.........   100%        3    ####...
 Tukima's Dance           Hex            #.......     100%        3    ####...
 Alistair's Intoxication  Tmut/Pois      #.......     100%        5    ######.
 Invisibility             Hex            #.......     100%        6    #######


Dungeon Overview and Level Annotations

Branches:
Dungeon (11/15)            Temple (0/1) D:6            Lair (3/6) D:10
  Swamp (1/4) Lair:2
  Snake: Lair:2-4    Spider: Lair:2-4       Orc: D:9-12

Altars:
Ashenzari
Dithmenos
Fedhas
Makhleb

Shops:
D:6 (


Innate Abilities, Weirdness & Mutations

You have razor-sharp toenails.
You are partially covered in icy blue scales. (AC +2)
You regenerate a lot of health from kills.
You are mostly covered in sharp spines.
You are resistant to hostile enchantments. (MR+)
Your system is resistant to poisons. (rPois)
Your muscles are strong. (Str +2)
You expend magic power (3 MP) to strengthen your wands.


Message History

The alligator is moderately wounded.
The alligator bites you but does no damage.
The alligator tail-slaps you!
An alligator comes into view.
The swamp worm is struck by your spines.
You kill the swamp worm!
Lugonu accepts your kill.
You puncture the alligator! You claw the alligator!
The alligator is severely wounded.
The alligator bites you but does no damage.
The alligator tail-slaps you but does no damage.
The alligator bites you!
* * * LOW HITPOINT WARNING * * *
The alligator tail-slaps you but does no damage.
You puncture the alligator! Your kick misses the alligator.
The alligator is severely wounded.
The alligator bites you!
* * * LOW HITPOINT WARNING * * *
The alligator tail-slaps you!
You die...

♣♣ ♣♣♣ ♣♣ ♣.♣♣ ♣♣♣
♣.♣ ♣≈ ...♣♣♣ ♣.♣
♣.♣ ♣♣≈♣♣..♣≈♣
♣♣.♣♣♣♣.♣
♣.♣.♣.♣≈♣
♣...≈≈..♣♣♣♣..♣≈≈♣
♣♣≈≈...≈.♣♣.....≈♣
♣.♣♣♣♣≈....♣....♣♣
♣♣.♣
♣♣.§≈..≈.@t≈♣♣
♣..♣ ♣..≈≈♣≈...≈.♣
♣..♣ ♣♣.≈.≈≈.≈≈≈.♣
♣..♣ ♣.≈≈≈..≈≈♣.♣
♣.♣♣ ♣..≈.≈.♣t♣..♣
♣♣.♣
♣.≈≈≈≈.≈≈....♣
♣..♣
♣....≈≈≈.≈.≈♣♣
♣..♣ ♣♣.§.♣.§§.≈.
≈ ♣..♣
♣≈≈≈.♣♣≈≈≈≈≈ ♣.


You could see 2 alligators.

Vanquished Creatures
  Fannar (Lair:1)
  Harold (D:9)
  Erolcha (D:9)
  2 hydras (Lair:2)
  A two-headed ogre (D:10)
  An unseen horror (D:10)
  A black mamba (Lair:2)
  Joseph (D:8)
  7 spiny frogs
  3 komodo dragons
  A hornet (Swamp:1)
  A tyrant leech (Swamp:1)
  3 bog bodies (Swamp:1)
  2 hippogriffs
  15 yaks
  A wraith (D:9)
  A basilisk (Lair:1)
  A spriggan (Swamp:1)
  3 wyverns
  A hungry ghost (D:7)
  A steam dragon (D:7)
  3 wargs (D:10)
  9 swamp worms
  4 porcupines
  2 water moccasins
  2 orc warriors (D:9)
  4 ice beasts
  2 sky beasts
  2 necrophages
  An ogre (D:7)
  3 phantoms
  4 centaurs
  7 crocodiles
  A big kobold (D:8)
  Blork the orc (D:4)
  8 bullfrogs
  3 gnoll sergeants
  A wyvern zombie (D:7)
  3 scorpions
  19 killer bees
  9 wights
  3 crimson imps (D:5)
  2 bullfrog zombies (D:8)
  A centaur skeleton (D:5)
  3 hounds
  3 jellies
  A centaur zombie (D:7)
  A gnoll shaman (D:5)
  5 orc priests
  8 orc wizards
  A bullfrog skeleton (D:4)
  3 iguanas (D:5)
  9 worker ants
  7 hell rats (Lair:2)
  2 killer bee zombies
  A hound zombie (D:9)
  2 worker ant zombies
  21 gnolls
  6 adders
  A river rat (D:3)
  3 shadow imps
  A white imp (D:5)
  An ooze (D:3)
  An adder zombie (D:7)
  2 adder skeletons
  4 dart slugs
  6 leopard geckos
  21 orcs
  6 bats
  7 giant cockroaches
  A goblin (D:1)
  6 hobgoblins
  A jackal (D:7)
  A quokka (D:8)
  A ball python (D:1)
  5 frilled lizards
  16 kobolds
  A leopard gecko zombie (D:6)
  A quokka zombie (D:8)
  7 rats
309 creatures vanquished.

Vanquished Creatures (others)
  A hydra (Lair:1)
  The ghost of stillor the Changer, a novice NaTm (D:6)
  The ghost of Gargoyl the Skirmisher, an amateur CeAK of Lugonu (D:5)
  7 plants
10 creatures vanquished.

Grand Total: 319 creatures vanquished

Notes
Turn   | Place    | Note
-------+----------+-------------------------------------------
     0 | Abyss:1  | Mithandil the Demonspawn Abyssal Knight began the quest for
                  | the Orb.
     0 | Abyss:1  | Reached XP level 1. HP: 18/18 MP: 2/2
    51 | Abyss:2  | Noticed a thrashing horror
    51 | Abyss:2  | Noticed a thrashing horror
    54 | D:1      | Escaped the Abyss
   289 | D:1      | Reached * piety under Lugonu
   289 | D:1      | Reached skill level 1 in Dodging
   310 | D:1      | Gained mutation: You have sharp toenails. [demonic
                  | ancestry]
   310 | D:1      | Reached XP level 2. HP: 13/24 MP: 3/3
   782 | D:2      | Gained mutation: You regenerate a little health from kills.
                  | [demonic ancestry]
   782 | D:2      | Reached XP level 3. HP: 29/29 MP: 5/5
  1255 | D:2      | HP: 1/29 [gnoll/+0 halberd (10)]
  1258 | D:2      | Reached skill level 1 in Stealth
  1258 | D:2      | Reached skill level 3 in Invocations
  1258 | D:2      | Gained mutation: You have razor-sharp toenails. [demonic
                  | ancestry]
  1258 | D:2      | Reached XP level 4. HP: 2/35 MP: 6/6
  1759 | D:3      | Reached ** piety under Lugonu
  1854 | D:3      | Reached skill level 1 in Unarmed Combat
  1912 | D:3      | You fall into a shaft and drop 2 floors!
  1912 | D:5      | Entered Level 5 of the Dungeon
  1949 | D:4      | Gained mutation: You are partially covered in sharp spines.
                  | [demonic ancestry]
  1949 | D:4      | Reached XP level 5. HP: 19/41 MP: 7/7
  2111 | D:4      | Noticed a phantom
  2118 | D:4      | Got a warped hand axe
  2132 | D:3      | Identified the +6 hand axe "Cocu" {speed, rElec rC+} (You
                  | found it on level 4 of the Dungeon)
  2530 | D:4      | Noticed Blork the orc
  2535 | D:4      | Killed Blork the orc
  2542 | D:4      | Reached skill level 1 in Axes
  2542 | D:4      | Gained mutation: You regenerate health from kills. [demonic
                  | ancestry]
  2542 | D:4      | Reached XP level 6. HP: 23/48 MP: 8/8
  2672 | D:3      | Found a shadowy altar of Dithmenos.
  2672 | D:3      | You fall into a shaft and drop 1 floor!
  3064 | D:4      | Reached skill level 4 in Invocations
  3249 | D:4      | Gained mutation: You are mostly covered in sharp spines.
                  | [demonic ancestry]
  3249 | D:4      | Reached XP level 7. HP: 54/54 MP: 10/10
  3846 | D:5      | Reached *** piety under Lugonu
  4217 | D:5      | Got a brightly glowing long sword
  4218 | D:5      | Identified the +3 long sword of Cobwebs {freeze, rF+ MR+
                  | Dex+2} (You found it on level 5 of the Dungeon)
  4398 | D:5      | Identified the +7 spear of Matsytwe {pain, Str+5}
  4400 | D:5      | Got an ancient robe
  4402 | D:5      | Identified the +2 buckler of Wycrezad {rC+ rCorr}
  4420 | D:5      | Gained mutation: You are partially covered in icy blue
                  | scales. (AC +2) [demonic ancestry]
  4420 | D:5      | Reached XP level 8. HP: 61/61 MP: 11/11
  4427 | D:5      | Found a transporter.
  4462 | D:5      | Noticed Gargoyl's ghost (amateur CeAK)
  4472 | D:5      | Found a transporter.
  4481 | D:5      | Paralysed by a gnoll for 2 turns
  4488 | D:5      | HP: 2/61 [gnoll/+2 spear of chaos (5)]
  4497 | D:5      | Reached skill level 5 in Invocations
  4570 | D:5      | Banished Gargoyl's ghost
  4949 | D:7      | Reached skill level 1 in Shields
  5590 | D:6      | Found a shattered altar of Ashenzari.
  5682 | D:6      | Found Utereat's Weapon Shoppe.
  5775 | D:6      | Found a staircase to the Ecumenical Temple.
  5927 | D:6      | Found a blossoming altar of Fedhas.
  6102 | D:6      | Reached XP level 9. HP: 67/67 MP: 13/13
  6178 | D:6      | Found a runed translucent door.
  6180 | D:6      | Noticed stillor's ghost (novice NaTm)
  6185 | D:6      | Banished stillor's ghost
  6185 | D:6      | Reached skill level 5 in Fighting
  6651 | D:7      | Reached skill level 6 in Invocations
  7165 | D:7      | Identified the +2 robe of the Devil {rF++ rC+} (You found
                  | it on level 5 of the Dungeon)
  7376 | D:8      | Reached skill level 5 in Armour
  7392 | D:8      | Reached skill level 5 in Long Blades
  7392 | D:8      | Reached skill level 5 in Axes
  7415 | D:8      | Reached **** piety under Lugonu
  7418 | D:8      | Noticed Joseph
  7435 | D:8      | Killed Joseph
  7435 | D:8      | Gained mutation: You regenerate a lot of health from kills.
                  | [demonic ancestry]
  7435 | D:8      | Reached XP level 10. HP: 36/74 MP: 14/14
  7722 | D:8      | Identified the +1 chain mail of the Pits of Slime {*Slow
                  | rCorr Int+3 Stlth+}
  7894 | D:8      | Found a burning altar of Makhleb.
  8074 | D:10     | Entered Level 10 of the Dungeon
  8178 | D:9      | Reached skill level 7 in Invocations
  8305 | D:10     | Noticed a two-headed ogre
  8348 | D:9      | Noticed Harold
  8361 | D:9      | Killed Harold
  8490 | D:9      | Gained mutation: Your system is resistant to poisons.
                  | (rPois) [potion of mutation]
  8490 | D:9      | Gained mutation: Your muscles are strong. (Str +2) [potion
                  | of mutation]
  8490 | D:9      | Gained mutation: You are resistant to hostile enchantments.
                  | (MR+) [potion of mutation]
  8490 | D:9      | Gained mutation: You expend magic power (3 MP) to
                  | strengthen your wands. [potion of mutation]
  8606 | D:9      | Reached ***** piety under Lugonu
  8621 | D:9      | Reached skill level 5 in Shields
  8893 | D:9      | Noticed Erolcha
  8906 | D:9      | Killed Erolcha
  8906 | D:9      | Reached skill level 5 in Stealth
  8932 | D:9      | Reached XP level 11. HP: 68/81 MP: 16/16
  9209 | D:10     | Killed a two-headed ogre
  9251 | D:10     | Killed an unseen horror
  9251 | D:10     | Reached skill level 5 in Dodging
  9276 | D:10     | Found a staircase to the Lair.
  9498 | Lair:1   | Entered Level 1 of the Lair of Beasts
  9530 | Lair:1   | Reached skill level 8 in Invocations
  9591 | Lair:1   | Noticed Fannar
  9648 | Lair:1   | Killed Fannar
 10082 | Lair:1   | Got a dazzling plate armour
 10093 | Lair:1   | Identified the +4 plate armour of Restlessness {Int+5} (You
                  | found it on level 1 of the Lair of Beasts)
 10110 | Lair:1   | Noticed a seven-headed hydra
 10113 | Lair:1   | Banished a seven-headed hydra
 10376 | Lair:2   | Reached XP level 12. HP: 80/89 MP: 18/18
 10806 | Lair:2   | Noticed a seven-headed hydra
 10827 | Lair:2   | Killed a seven-headed hydra
 10938 | Lair:2   | Noticed a five-headed hydra
 10951 | Lair:2   | Killed a five-headed hydra
 10951 | Lair:2   | Reached skill level 1 in Polearms
 10969 | Lair:2   | Found a staircase to the Swamp.
 10988 | Swamp:1  | Entered Level 1 of the Swamp
 11230 | Swamp:1  | Reached skill level 9 in Invocations
 11314 | Swamp:1  | Noticed a four-headed hydra
 11355 | Swamp:1  | Banished a four-headed hydra
 11541 | Swamp:1  | Noticed an alligator
 11553 | Swamp:1  | Noticed an alligator
 11555 | Swamp:1  | Slain by an alligator

Levels and vault maps discovered:
D:1:      elethiomel_arrival_infinity_welcomes_careful_drivers, layout_rooms
D:2:      layout_rooms, wander_ebering_terrifying_dragon_lair
D:3:      layout_loops_ring, cheibrodos_sewer_entry_sluice,
          nicolae_dithmenos_through_a_glass_darkly
D:4:      layout_rooms, first_ration, uniq_blork_the_orc
D:5:      layout_basic, gammafunk_ghost_gnarly_gnolls, minmay_fire_ice_demons
D:6:      layout_cave_pods, minmay_temple_entry_enclosed_plants,
          ebering_ghost_reflecting_pool, basic_altar, serial_shops, shop,
          evilmike_ruin_ashenzari
D:7:      minmay_opposing_rooms, layout_loops_corners
D:8:      layout_cave_pools, lightli_temple_of_fire, uniq_joseph
D:9:      layout_gridville, uniq_erolcha, uniq_harold
D:10:     layout_cross, erik_lair_orcish_takeover
D:11:     layout_irregular_city, david_orc_5
Lair:1:   layout_misc_corridors, uniq_fannar
Lair:2:   layout_gridlike, palyth_hydra_swamp_entry
Lair:3:   layout_hall_layers, minmay_snake_entry_guardpost_large,
          enter_volcano_2
Swamp:1:  layout_falls_marsh, evilmike_swamp_ruin_wall, swamp_pool3

Skill      XL: |  1  2  3  4  5  6  7  8  9 10 11 12 |
---------------+-------------------------------------+-----
Dodging        | 1 2 3 4 5 6 |  6.0
Long Blades    | 2 3 4 5 6 7 8 |  8.2
Armour         | 2 3 4 5 6 7 8 |  8.1
Stealth        | 1 2 3 4 5 6 |  6.4
Invocations    | 3 4 5 6 7 8 9 |  9.1
Unarmed Combat | 1 2 3 |  3.0
Axes           | 1 2 3 4 5 6 7 8 |  8.2
Fighting       | 4 5 6 7 |  7.3
Shields        | 2 3 5 6 7 |  7.2
Polearms       | 2 |  2.3

Action                   |  1- 3 |  4- 6 |  7- 9 | 10-12 || total
-------------------------+-------+-------+-------+-------++-------
Melee: Falchion          |    79 |    59 |       |       ||   138
       Kick              |    16 |    30 |    64 |   192 ||   302
       Punch             |       |     1 |     1 |       ||     2
       Hand axe          |       |    53 |   227 |   382 ||   662
       Long sword        |       |       |       |    51 ||    51
       Spear             |       |       |       |   100 ||   100
       Unarmed           |       |       |       |     9 ||     9
Invok: Depart the Abyss  |     1 |       |       |       ||     1
       Banish            |       |       |     2 |     3 ||     5
Evoke: Wand              |       |       |       |     2 ||     2
  Use: Potion            |     3 |     5 |     5 |     3 ||    16
       Scroll            |     1 |     7 |     9 |    12 ||    29
 Stab: Sleeping          |       |       |     6 |     4 ||    10
  Eat: Chunk             |     1 |     7 |    10 |    10 ||    28
       Ration            |       |       |     1 |     2 ||     3
Armor: Leather armour    |    22 |    23 |       |       ||    45
       Ring mail         |       |     7 |    17 |       ||    24
       Scale mail        |       |       |     7 |       ||     7
       Steam dragon scal |       |       |    19 |    50 ||    69
       Plate armour      |       |       |       |   125 ||   125
Dodge: Dodged            |    58 |    79 |   114 |   231 ||   482
       Deflected         |       |       |       |     1 ||     1
Block: Shield            |       |       |    53 |   281 ||   334
       Rpst.: Falchion   |    14 |    12 |       |       ||    26
       Long sword        |       |       |       |     7 ||     7

Table legend:
 A = Non-vault XP
 B = Vault XP
 C = Vault XP percentage of total XP
 D = Non-vault monster count
 E = Vault monster count
 F = Vault count percentage of total count
                 A         B        C        D         E       F
            +---------+---------+-------+---------+---------+-------
      Total |   23156 |    8004 |  25.7 |     269 |      44 |  14.1
            +---------+---------+-------+---------+---------+-------
        D:1 |      50 |       0 |   0.0 |      29 |       0 |   0.0
        D:2 |      61 |       3 |   4.7 |      11 |       1 |   8.3
        D:3 |      40 |      15 |  27.3 |      13 |       2 |  13.3
        D:4 |     469 |      94 |  16.7 |      14 |       1 |   6.7
        D:5 |     727 |     496 |  40.6 |      22 |      11 |  33.3
        D:6 |     651 |     213 |  24.7 |      15 |       1 |   6.2
        D:7 |     889 |     199 |  18.3 |      10 |       7 |  41.2
        D:8 |    2643 |     475 |  15.2 |      53 |       1 |   1.9
        D:9 |    2248 |    1922 |  46.1 |      29 |       2 |   6.5
       D:10 |    2626 |     638 |  19.5 |      14 |       8 |  36.4
     Lair:1 |    5550 |    1023 |  15.6 |      24 |       1 |   4.0
     Lair:2 |    2421 |    2926 |  54.7 |      18 |       9 |  33.3
     Lair:3 |     349 |       0 |   0.0 |       2 |       0 |   0.0
    Swamp:1 |    4432 |       0 |   0.0 |      15 |       0 |   0.0
            +---------+---------+-------+---------+---------+-------
